 Dungeon Crawl Stone Soup version 0.23-a0-644-gb60d84b (webtiles) character file.

130 Borgoz the Skirmisher (level 5, -1/46 HPs)
             Began as a Ghoul Abyssal Knight on Jan 1, 2019.
             Was a Believer of Lugonu.
             Slain by an adder (2 damage)
             ... on level 4 of the Dungeon.
             The game lasted 00:06:45 (2803 turns).

Borgoz the Skirmisher (Ghoul Abyssal Knight)        Turns: 2803, Time: 00:06:47

Health: -1/46      AC:  6    Str: 19      XL:     5   Next: 13%
Magic:  14/14      EV: 10    Int: 12      God:    Lugonu [**....]
Gold:   335        SH:  0    Dex:  4 (9)  Spells: 4/4 levels left

rFire    . . .     SeeInvis .   a - +2 hand axe
rCold    + + .     Gourm    .   (no shield)
rNeg     + + +     Faith    .   h - +1 ring mail of the Four Dances {rC+ Str+3}
rPois    ∞         Spirit   .   (no helmet)
rElec    .         Reflect  .   (no cloak)
rCorr    .         Harm     .   (no gloves)
MR       .....                  (no boots)
Stlth    ..........             (no amulet)
HPRegen  0.00/turn              j - ring of magical power
MPRegen  0.14/turn              (no ring)

@: brilliant, flying, rotting
A: rotting body, claws 1, carnivore, cold resistance 1, negative energy
resistance 3, inhibited regeneration, torment resistance, unbreathing
a: Depart the Abyss, Bend Space, Renounce Religion


You were on level 4 of the Dungeon.
You worshipped Lugonu.
Lugonu was pleased with you.
You were hungry.

You visited 1 branch of the dungeon, and saw 4 of its levels.
You visited the Abyss 1 time.

You collected 335 gold pieces.

Inventory:

Hand Weapons
 a - a +2 hand axe (weapon)
Armour
 h - the +1 ring mail of the Four Dances (worn) {rC+ Str+3}
   (You found it on level 3 of the Abyss)

   It affects your strength (+3).
   It protects you from cold.
 l - a +3 buckler
Jewellery
 g - an uncursed ring of ice
 j - a ring of magical power (left claw)
Scrolls
 b - a scroll of enchant weapon
 d - a scroll of noise
 e - 2 scrolls of remove curse
 m - a scroll of identify
 n - a scroll of immolation
Potions
 i - a potion of flight
 q - 2 potions of lignification
Comestibles
 c - 4 rations


   Skills:
 + Level 4.3 Fighting
 + Level 3.0 Axes
 + Level 2.9 Armour
 + Level 1.2 Dodging
 + Level 2.2 Invocations


You had 4 spell levels left.
You didn't know any spells.
Your spell library was empty.

Dungeon Overview and Level Annotations

Branches:
Dungeon (4/15)
 Temple: D:4-7

Altars:
Makhleb
Qazlal
Uskayaw
The Shining One

Annotations:
D:4 Eustachio


Innate Abilities, Weirdness & Mutations

Your body is rotting away.
You thrive on raw meat.
You are immune to poison.
You have sharp fingernails.
You are carnivorous and can eat meat at any time.
Your flesh is cold resistant. (rC+)
You are immune to negative energy. (rN+++)
You do not regenerate when monsters are visible.
You are immune to unholy pain and torment.
You can survive without breathing.


Message History

The quasit bites you.
* * * LOW HITPOINT WARNING * * *
The quasit closely misses you.
The quasit claws you but does no damage.
It was a potion of flight.
You feel very buoyant.
You fly up into the air.
The adder bites you.
* * * LOW HITPOINT WARNING * * *
The quasit bites you.
* * * LOW HITPOINT WARNING * * *
You feel clumsy.
The quasit claws you but does no damage.
The quasit misses you.
It was a potion of brilliance.
You feel clever all of a sudden.
The quasit disappears in a puff of smoke!
The adder barely misses you.
The orc wizard mumbles some strange words.
The orc wizard seems to speed up.
The adder bites you.
You die...

,,**,,,,,,,,*.##.#..#####........
,,**,,......,#...#...#..##....#..
,,,,,,......,#...###..........#..
*,,,,*,.....*#.##.#..............
****,*,,....##............######.
,,*#*****#.................###.#.
*,.#.,* ###..................#...
,,....*##.##..#S.................
,**#..##......5o@..............##
,* *#..##....r.#.................
,* #.......ro.#@................
,##*##.......r...............#.(#
,..###.......@....#...#..........
,#..#......rr....................
*#................#.####.........
*#............#...#.#**##.......#
#.......####.##.....,* #.....###


You could see Eustachio, an iron imp, an orc wizard, an adder, a river rat, an
orc and a rat.

Vanquished Creatures
  A bullfrog skeleton (D:4)
  A worker ant (D:2)
  An adder (D:4)
  2 oozes
  4 dart slugs
  A leopard gecko (D:1)
  An orc (D:3)
  2 giant cockroaches
  6 hobgoblins
  6 jackals
  A quokka (D:4)
  5 bats
  4 frilled lizards
  8 goblins
  2 kobolds
  6 rats
51 creatures vanquished.

Notes
Turn   | Place    | Note
-------+----------+-------------------------------------------
     0 | Abyss:1  | Borgoz the Ghoul Abyssal Knight began the quest for the
                  | Orb.
     0 | Abyss:1  | Reached XP level 1. HP: 19/19 MP: 1/1
   116 | Abyss:2  | Noticed a fire bat
   146 | Abyss:3  | Found a corrupted altar of Lugonu.
   175 | Abyss:3  | Got a bronze ring mail
   176 | Abyss:3  | Noticed a demonic crawler
   177 | D:1      | Escaped the Abyss
   186 | D:1      | Reached * piety under Lugonu
   190 | D:1      | Reached XP level 2. HP: 20/26 MP: 2/2
   292 | D:1      | Identified the +1 ring mail of the Four Dances {rC+ Str+3}
                  | (You found it on level 3 of the Abyss)
   534 | D:1      | Reached XP level 3. HP: 25/33 MP: 3/3
   818 | D:2      | Reached skill level 4 in Fighting
   819 | D:2      | Reached XP level 4. HP: 13/40 MP: 4/4
  1435 | D:2      | Found a glowing golden altar of the Shining One.
  1436 | D:2      | Found a burning altar of Makhleb.
  1462 | D:2      | Found a stormy altar of Qazlal.
  1466 | D:2      | Reached skill level 1 in Dodging
  2209 | D:3      | Found a hide-covered altar of Uskayaw.
  2371 | D:4      | Reached XP level 5. HP: 30/45 MP: 5/5
  2406 | D:4      | Reached ** piety under Lugonu
  2411 | D:4      | Noticed Eustachio
  2802 | D:4      | HP: 1/46 [quasit[Eustachio] (3)]
  2803 | D:4      | Slain by an adder

Vault maps used:
D:1:      minmay_arrival_radiant_lines, serial_curves, eino_curves_03,
          eino_curves_02
D:2:      nicolae_overflow_hidden_temple, gammafunk_temple_overflow_pools,
          first_ration
D:3:      lemuel_upstairs_altar, lemuel_coloured_pillars_altar
D:4:      uniq_eustachio
Abyss:2:  guppyfry_abyss_exit_imp_island
Abyss:3:  hangedman_abyss_stitches_cave

Skill      XL: |  1  2  3  4  5 |
---------------+----------------+-----
Armour         | 2 |  2.9
Axes           | 2 3 |  3.0
Fighting       | 4 |  4.3
Dodging        | 1 |  1.2
Invocations    | |  2.2

Action                   |  1- 3 |  4- 6 || total
-------------------------+-------+-------++-------
Melee: Hand axe          |    64 |    99 ||   163
Invok: Depart the Abyss  |     1 |       ||     1
  Use: Potion            |     3 |     4 ||     7
       Scroll            |       |     9 ||     9
  Eat: Chunk             |     8 |     4 ||    12
Armor: Ring mail         |    33 |    86 ||   119
Dodge: Dodged            |    43 |   125 ||   168

Table legend:
 A = Non-vault XP
 B = Vault XP
 C = Vault XP percentage of total XP
 D = Non-vault monster count
 E = Vault monster count
 F = Vault count percentage of total count
                 A         B        C        D         E       F
            +---------+---------+-------+---------+---------+-------
      Total |     186 |       0 |   0.0 |      51 |       0 |   0.0
            +---------+---------+-------+---------+---------+-------
        D:1 |      41 |       0 |   0.0 |      21 |       0 |   0.0
        D:2 |      66 |       0 |   0.0 |      16 |       0 |   0.0
        D:3 |      18 |       0 |   0.0 |       7 |       0 |   0.0
        D:4 |      61 |       0 |   0.0 |       7 |       0 |   0.0
            +---------+---------+-------+---------+---------+-------
